 Dungeon Crawl Stone Soup version 0.22.1-1-ga44c0e5 (webtiles) character file.

42928 empire the Carver (level 13, -3/160 HPs)
             Began as a Minotaur Fighter on Nov 5, 2018.
             Was the Champion of Cheibriados.
             Slain by a skeletal warrior
             ... wielding a +0 mace
             ... led by a skeletal warrior
              (4 damage)
             ... on level 15 of the Dungeon on Nov 6, 2018.
             The game lasted 00:35:50 (15402 turns).

empire the Carver (Minotaur Fighter)               Turns: 15402, Time: 00:35:51

Health: -3/160     AC: 29    Str: 42    XL:     13   Next: 88%
Magic:  0/18       EV:  2    Int: 22    God:    Cheibriados [******]
Gold:   177        SH: 16    Dex: 27    Spells: 11/18 levels left

rFire    . . .     SeeInvis .   a - +3 long sword (holy)
rCold    . . .     Gourm    .   c - +0 shield
rNeg     + + +     Faith    .   (armour currently unavailable)
rPois    +         Spirit   +   (helmet currently unavailable)
rElec    .         Reflect  .   (cloak currently unavailable)
rCorr    .         Harm     .   (gloves currently unavailable)
MR       .....     NoTele   +   (boots currently unavailable)
Stlth    ++........             L - amulet of guardian spirit
HPRegen  0.36/turn              H - +3 ring of slaying
MPRegen  0.16/turn              A - +3 ring of protection

@: mighty, tree-form, studying Translocations, very slow
A: (retaliatory headbutt)
a: Bend Time, Temporal Distortion, Slouch, Step From Time, Renounce Religion


You were on level 15 of the Dungeon.
You worshipped Cheibriados.
Cheibriados was exalted by your worship.
You were hungry.
You were a tree.
You visited 2 branches of the dungeon, and saw 16 of its levels.

You collected 756 gold pieces.
You spent 579 gold pieces at shops.

Inventory:

Hand Weapons
 a - a +3 long sword of holy wrath (weapon)
 b - a +3 scimitar of flaming
 C - the cursed +1 flail "Hofid" {crush, MR+, unknown}
   (You found it on level 13 of the Dungeon)

   It inflicts extra damage upon your enemies.
   It affects your resistance to hostile enchantments.
   It has a curse placed upon it.
 E - a +3 longbow of flaming
Missiles
 g - 114 bolts
 D - 271 arrows
Armour
 c - a +0 shield (worn)
 F - a +0 plate armour (melded)
 Q - a +2 pair of gloves (melded)
Jewellery
 A - a +3 ring of protection (right branch)
 H - a +3 ring of slaying (left branch)
 L - an amulet of guardian spirit (around neck)
 R - an uncursed ring of see invisible
 W - an uncursed ring of flight
Wands
 h - a wand of paralysis (24)
 j - a wand of flame (40)
 q - a wand of enslavement (17)
 s - a wand of acid (8)
 G - a wand of scattershot (5)
 J - a wand of disintegration (29)
 M - a wand of polymorph (20)
Scrolls
 e - 3 scrolls of immolation
 i - 3 scrolls of fear
 m - 3 scrolls of blinking
 o - 2 scrolls of magic mapping
 p - 7 scrolls of teleportation
 r - 2 scrolls of enchant armour
 u - a scroll of noise
 v - a scroll of silence {unknown}
 y - 3 scrolls of identify
 B - 2 scrolls of fog
 K - 3 scrolls of remove curse
Potions
 d - a potion of might
 k - 3 potions of agility
 n - 4 potions of mutation
 w - a potion of flight
 z - 2 potions of lignification
 N - 2 potions of degeneration {unknown}
 O - a potion of invisibility
 X - a potion of ambrosia
 Y - a potion of cancellation
Books
 I - a manual of Translocations
Miscellaneous
 x - a sack of spiders
 S - a phantom mirror
Comestibles
 f - 28 rations


   Skills:
 - Level 8.0 Fighting
 - Level 14.0 Long Blades
 - Level 10.0 Armour
 + Level 9.9 Dodging
 - Level 10.0 Shields
 + Level 3.4 Spellcasting
 + Level 4.2 Transmutations
 + Level 4.2 Earth Magic
 - Level 8.0 Invocations
 - Level 8.1 Evocations


You had 11 spell levels left.
You knew the following spells:

 Your Spells              Type           Power        Failure   Level  Hunger
a - Passwall              Tmut/Erth      ###.....     6%          2    ##.....
b - Lee's Rapid Deconstr  Erth           ###.......   73%         5    ######.

Your spell library contained the following spells:

 Spells                   Type           Power        Failure   Level  Hunger
 Beastly Appendage        Tmut           ###...       4%          1    None
 Sandblast                Erth           ###...       4%          1    None
 Sticks to Snakes         Tmut           ###.....     6%          2    ##.....
 Spider Form              Tmut/Pois      ##........   28%         3    ###....
 Stone Arrow              Conj/Erth      ##....       28%         3    ###....
 Petrify                  Tmut/Erth      ###.....     36%         4    ####...
 Ice Form                 Ice/Tmut       ##......     67%         4    ####...
 Blade Hands              Tmut           ###.......   73%         5    ######.
 Bolt of Magma            Conj/Fire/Erth #.........   98%         5    ######.
 Iskenderun's Battlesphe  Conj/Chrm      #.......     99%         5    ######.
 Venom Bolt               Conj/Pois      #.........   99%         5    ######.
 Iron Shot                Conj/Erth      ##........   100%        6    #######
 Orb of Destruction       Conj           #.........   100%        7    #######
 Spellforged Servitor     Conj/Summ      #.........   100%        7    #######


Dungeon Overview and Level Annotations

Branches:
Dungeon (15/15)            Temple (1/1) D:5            Lair (0/6) D:8
    Orc (0/2) D:10         Vaults (0/5) D:13         Depths (0/5) D:15

Altars:
Ashenzari
Cheibriados
Dithmenos
Elyvilon
Fedhas
Gozag
Hepliaklqana
Kikubaaqudgha
Makhleb
Nemelex Xobeh
Okawaru
Qazlal
Ru
Sif Muna
Trog
Uskayaw
Vehumet
Wu Jian
Xom
Yredelemnul
Zin
The Shining One
Beogh

Shops:
D:13 (   D:14 *


Innate Abilities, Weirdness & Mutations

((You reflexively headbutt those who attack you in melee.))
((You have a pair of horns on your head.))


Message History

* * * LOW HITPOINT WARNING * * *
The freezing wraith hits you.
* * * LOW HITPOINT WARNING * * *
The skeletal warrior hits you with a hand axe.
* * * LOW HITPOINT WARNING * * *
You block the skeletal warrior's attack.
The wraith hits you.
* * * LOW HITPOINT WARNING * * *
Okay, then.
Okay, then.
As you read the scroll of summoning, it crumbles to dust.
Wisps of shadow whirl around you...
You block the centaur warrior skeleton's attack.
You block the skeletal warrior's attack.
The skeletal warrior hits your centaur warrior with a battleaxe!
The slime creature hits you.
* * * LOW HITPOINT WARNING * * *
The centaur warrior skeleton barely misses you.
The skeletal warrior hits you with a mace.
You die...

************,,,,,,≈,,*,,
*#.....#.....##,,,,,,,,,*
**.<...........#.,,,,,,***
*,....<..........,,,,,,**,
*,...............,,,,,,**,
*,...........(...,,,,,,**,
*,.....Z.........,,,,,,**,
***,.....c)JW......,,,,,,**,
*,,,......z♣Zc...#***,,,**,,
*,**.....zzzW....#* **,,,,,,
*,**#...#.zc..c...#* *,,,**,
*,,*##....##c#.##..***,,,**,
**,***###.**.....,.,,,,,,,*,
*,,,,,*#.**#..#.#*,,,,,,,*,
*,,,,,*#,***#.,...,***,,,,,
*,,,,,**,,***..,..,,,,,,,,<
*,,,,,***,,*,,****,,,,,,,*,


You could see 5 skeletal warriors, a slime creature, a freezing wraith, a
wraith, a centaur warrior skeleton, 2 friendly centaur warriors, 3 friendly
centaurs and a friendly centaur warrior skeleton.

Vanquished Creatures
  Nessos (D:12)
  Azrael (D:13)
  4 vault guards (D:13)
  Erica (D:9)
  2 hydras
  11 two-headed ogres
  An ogre mage (D:14)
  A centaur warrior (D:14)
  A death knight (D:13)
  Sonja (D:13)
  2 wizards
  8 skeletal warriors
  A phantasmal warrior (D:13)
  An orc knight (D:13)
  An ugly thing (D:10)
  2 manticores
  A deep elf mage (D:14)
  An orc sorcerer (D:13)
  4 cyclopes
  Joseph (D:8)
  A freezing wraith (D:13)
  A queen bee (D:11)
  A tengu conjurer (D:14)
  2 trolls (D:10)
  4 hornets
  4 hippogriffs
  4 slime creatures (D:15)
  Sigmund (D:2)
  A centaur simulacrum (D:14)
  17 yaks
  A shadow (D:10)
  A wraith (D:12)
  3 wyverns
  3 fire elementals (D:13)
  3 vampire mosquitoes (D:14)
  A basilisk (D:13)
  Menkaure (D:7)
  3 hungry ghosts
  An acid dragon (D:13)
  Edmund (D:6)
  2 wargs (D:8)
  A hell hound (D:13)
  A soldier ant (D:12)
  2 necrophages
  3 ice beasts
  9 orc warriors
  6 sky beasts
  3 phantoms
  3 black bears
  6 ogres
  11 centaurs
  3 big kobolds
  A crocodile (D:10)
  8 bullfrogs
  A wyvern zombie (D:12)
  3 scorpions
  18 killer bees
  3 howler monkeys
  8 crimson imps
  2 quasits
  A bullfrog zombie (D:5)
  A centaur zombie (D:12)
  2 bullfrog skeletons
  A centaur skeleton (D:5)
  5 hounds
  8 jellies
  11 orc priests
  A gnoll shaman (D:10)
  4 iguanas
  19 orc wizards
  12 worker ants
  2 hound zombies (D:6)
  2 hound skeletons
  Robin (D:3)
  7 gnolls
  12 adders
  5 shadow imps
  An adder skeleton (D:6)
  An adder zombie (D:5)
  3 worms
  2 dart slugs (D:1)
  4 leopard geckos
  39 orcs
  6 giant cockroaches
  12 goblins
  6 hobgoblins
  19 jackals
  19 kobolds
  4 quokkas
  7 bats
  A frilled lizard (D:3)
  A leopard gecko skeleton (D:8)
  2 quokka skeletons
  2 rats (D:1)
417 creatures vanquished.

Vanquished Creatures (others)
  A scorpion (D:6)
  An orc wizard (D:12)
2 creatures vanquished.

Grand Total: 419 creatures vanquished

Notes
Turn   | Place    | Note
-------+----------+-------------------------------------------
     0 | D:1      | empire the Minotaur Fighter began the quest for the Orb.
     0 | D:1      | Reached XP level 1. HP: 19/19 MP: 0/0
   214 | D:1      | Reached XP level 2. HP: 21/27 MP: 1/1
   370 | D:1      | Reached skill level 1 in Dodging
   426 | D:1      | Reached XP level 3. HP: 32/33 MP: 2/2
   488 | D:1      | Reached skill level 3 in Long Blades
   851 | D:2      | Found a glowing golden altar of the Shining One.
   947 | D:2      | Noticed Sigmund
   966 | D:2      | Killed Sigmund
   966 | D:2      | Reached skill level 4 in Long Blades
   966 | D:2      | Reached XP level 4. HP: 13/40 MP: 3/3
   966 | D:2      | Reached XP level 5. HP: 14/46 MP: 4/4
  1205 | D:2      | Reached skill level 5 in Long Blades
  1557 | D:3      | Noticed Robin
  1619 | D:3      | Killed Robin
  1619 | D:3      | Reached XP level 6. HP: 30/52 MP: 5/5
  1950 | D:3      | Found a blossoming altar of Fedhas.
  2689 | D:4      | Reached skill level 6 in Long Blades
  2892 | D:4      | Reached skill level 5 in Armour
  2928 | D:4      | Reached XP level 7. HP: 55/59 MP: 6/6
  3076 | D:5      | Entered Level 5 of the Dungeon
  3167 | D:5      | Reached skill level 7 in Long Blades
  3756 | D:5      | Reached skill level 8 in Long Blades
  3919 | D:5      | Found a staircase to the Ecumenical Temple.
  3921 | D:5      | Found a faded altar of an unknown god.
  3936 | Temple   | Entered the Ecumenical Temple
  4151 | Temple   | Became a worshipper of Cheibriados the Contemplative
  4235 | D:5      | Reached XP level 8. HP: 66/66 MP: 7/7
  4264 | D:5      | Found a basalt altar of Yredelemnul.
  4597 | D:6      | Noticed Edmund
  4633 | D:6      | Killed Edmund
  4633 | D:6      | Reached skill level 5 in Shields
  4866 | D:6      | Found an opulent altar of Gozag.
  4880 | D:6      | Reached skill level 5 in Dodging
  4897 | D:6      | Found a radiant altar of Vehumet.
  5594 | D:7      | Reached * piety under Cheibriados
  5607 | D:7      | Noticed Menkaure
  5610 | D:7      | Killed Menkaure
  5778 | D:7      | Noticed a hippogriff
  5794 | D:7      | Killed a hippogriff
  5794 | D:7      | Reached XP level 9. HP: 52/71 MP: 8/8
  6503 | D:8      | Reached skill level 1 in Invocations
  6504 | D:8      | HP: 3/71 [centaur/arrow (5)]
  6521 | D:8      | Reached ** piety under Cheibriados
  6560 | D:8      | Found a staircase to the Lair.
  7002 | D:8      | Found an ancient bone altar of Kikubaaqudgha.
  7145 | D:8      | Noticed Joseph
  7159 | D:8      | Killed Joseph
  7159 | D:8      | Reached skill level 5 in Invocations
  7824 | D:9      | Reached XP level 10. HP: 78/78 MP: 13/13
  8001 | D:9      | Reached skill level 1 in Evocations
  8117 | D:9      | Noticed a two-headed ogre
  8124 | D:9      | Killed a two-headed ogre
  8124 | D:9      | Reached skill level 5 in Fighting
  8344 | D:9      | Found a white marble altar of Elyvilon.
  8568 | D:9      | Noticed Erica
  8582 | D:9      | HP: 1/82 [something/orb of energy (25)]
  8592 | D:9      | Killed Erica
  8819 | D:9      | Found a glowing silver altar of Zin.
  8819 | D:9      | Found a deep blue altar of Sif Muna.
  8822 | D:9      | Found an iron altar of Okawaru.
  8978 | D:9      | Reached *** piety under Cheibriados
  9180 | D:10     | Entered Level 10 of the Dungeon
  9180 | D:10     | Found a staircase to the Orcish Mines.
  9230 | D:10     | Noticed a brown ugly thing
  9242 | D:10     | Killed a brown ugly thing
  9377 | D:10     | Noticed a two-headed ogre
  9388 | D:10     | Killed a two-headed ogre
  9388 | D:10     | Reached XP level 11. HP: 47/92 MP: 15/15
  9708 | D:10     | Reached **** piety under Cheibriados
  9774 | D:10     | Reached skill level 9 in Long Blades
  9929 | D:10     | Noticed an eight-headed hydra
  9936 | D:10     | Killed a five-headed hydra
  9936 | D:10     | Reached skill level 5 in Evocations
 10154 | D:10     | Noticed a two-headed ogre
 10164 | D:10     | Killed a two-headed ogre
 10172 | D:10     | Reached ***** piety under Cheibriados
 10551 | D:11     | Reached skill level 10 in Armour
 10591 | D:11     | Reached skill level 10 in Long Blades
 10966 | D:11     | Noticed a wizard
 10975 | D:11     | Killed a wizard
 10990 | D:11     | Learned a level 2 spell: Passwall
 10996 | D:11     | Learned a level 5 spell: Lee's Rapid Deconstruction
 11206 | D:12     | Noticed Nessos
 11212 | D:12     | Reached skill level 11 in Long Blades
 11212 | D:12     | Reached XP level 12. HP: 90/101 MP: 17/17
 11224 | D:12     | Reached ****** piety under Cheibriados
 11227 | D:12     | Killed Nessos
 12517 | D:13     | Noticed a two-headed ogre
 12519 | D:13     | Killed a two-headed ogre
 12532 | D:13     | Noticed a death knight
 12548 | D:13     | Killed a death knight
 12548 | D:13     | Reached skill level 12 in Long Blades
 12888 | D:13     | Noticed Sonja
 12894 | D:13     | Killed Sonja
 12894 | D:13     | Reached skill level 13 in Long Blades
 13119 | D:13     | Noticed a two-headed ogre
 13124 | D:13     | Killed a two-headed ogre
 13159 | D:13     | Found a roughly hewn altar of Beogh.
 13194 | D:13     | Found an opulent altar of Gozag.
 13242 | D:13     | Noticed a vault guard
 13279 | D:13     | Killed a vault guard
 13279 | D:13     | Reached skill level 14 in Long Blades
 13291 | D:13     | Noticed a vault guard
 13304 | D:13     | Killed a vault guard
 13308 | D:13     | Reached skill level 1 in Transmutations
 13308 | D:13     | Reached skill level 1 in Earth Magic
 13378 | D:13     | Reached skill level 1 in Spellcasting
 13469 | D:13     | Found a gate to the Vaults.
 13469 | D:13     | Noticed a vault guard
 13470 | D:13     | Noticed a vault guard
 13478 | D:13     | Killed a vault guard
 13485 | D:13     | Killed a vault guard
 13485 | D:13     | Reached XP level 13. HP: 56/107 MP: 10/18
 13706 | D:13     | Found Cerir's Antique Weapon Shop.
 13719 | D:13     | Got an ancient flail
 13886 | D:13     | Noticed Azrael
 13899 | D:13     | Killed Azrael
 14171 | D:14     | HP: 5/160 [skeletal warrior/battleaxe of electrocution[a
                  | skeletal warrior] (17)]
 14608 | D:14     | Found Keixim's Assorted Antiques.
 14615 | D:14     | Bought 2 scrolls of remove curse for 156 gold pieces
 14615 | D:14     | Bought a scroll of enchant armour for 195 gold pieces
 14615 | D:14     | Bought a potion of curing for 78 gold pieces
 14615 | D:14     | Bought a scroll of identify for 52 gold pieces
 14615 | D:14     | Bought a scroll of identify for 52 gold pieces
 14615 | D:14     | Bought 2 viscous amethyst potions for 46 gold pieces
 15261 | D:14     | Reached skill level 10 in Shields
 15367 | D:15     | Entered Level 15 of the Dungeon
 15399 | D:15     | HP: 7/160 [slime creature (3)]
 15402 | D:15     | HP: 1/160 [slime creature (3)]
 15402 | D:15     | Slain by a skeletal warrior

Skill      XL: |  1  2  3  4  5  6  7  8  9 10 11 12 13 |
---------------+----------------------------------------+-----
Dodging        | 1 3 4 6 8 9 |  9.9
Armour         | 4 5 6 8 10 | 10.0
Shields        | 4 6 8 10 | 10.0
Fighting       | 4 7 8 |  8.0
Long Blades    | 4 5 6 8 11 14 | 14.0
Invocations    | 6 7 8 |  8.0
Evocations     | 4 6 8 |  8.1
Transmutations | 1 4 |  4.2
Earth Magic    | 1 4 |  4.2
Spellcasting   | 1 3 |  3.4

Action                   |  1- 3 |  4- 6 |  7- 9 | 10-12 | 13-15 || total
-------------------------+-------+-------+-------+-------+-------++-------
Melee: Long sword        |    90 |   103 |   341 |    84 |    37 ||   655
       Headbutt          |    14 |    17 |    96 |   189 |    65 ||   381
       Scimitar          |       |       |       |   410 |   147 ||   557
Invok: Slouch            |       |       |       |     1 |     1 ||     2
Evoke: Sack of spiders   |       |       |       |       |     3 ||     3
       Wand              |       |       |       |       |     1 ||     1
  Use: Scroll            |       |    11 |     1 |    20 |     2 ||    34
       Potion            |       |       |     5 |     6 |     6 ||    17
  Eat: Chunk             |       |     7 |     9 |     8 |     3 ||    27
       Ration            |       |       |     1 |     1 |       ||     2
Armor: Scale mail        |    35 |     1 |       |       |       ||    36
       Chain mail        |       |    45 |   138 |    22 |       ||   205
       Plate armour      |       |       |       |   157 |    60 ||   217
       Skin              |       |       |       |     3 |    49 ||    52
Dodge: Dodged            |    39 |    34 |   115 |   222 |   110 ||   520
Block: Shield            |    51 |    49 |   165 |   383 |   201 ||   849
       Rpst.: Long sword |    10 |     6 |    30 |    10 |     5 ||    61
       Scimitar          |       |       |       |    41 |    15 ||    56
